 Dungeon Crawl Stone Soup version 0.20.1-1-g8b1a95d (webtiles) character file.

156 vineage the Slasher (level 5, -10/40 HPs)
             Began as a Demonspawn Gladiator on Aug 28, 2017.
             Mangled by an ogre
             ... wielding a +0 giant spiked club
              (27 damage)
             ... on level 3 of the Dungeon.
             The game lasted 00:04:39 (2498 turns).

vineage the Slasher (Demonspawn Gladiator)          Turns: 2498, Time: 00:04:40

Health: -10/40     AC: 11    Str: 15    XL:     5   Next: 14%
Magic:  5/5        EV:  6    Int: 10    God:
Gold:   121        SH:  7    Dex: 14    Spells: 4/4 levels left

rFire    . . .     SeeInvis .   a - +0 long sword
rCold    . . .     Gourm    .   e - +0 shield
rNeg     . . .     Faith    .   n - +0 chain mail
rPois    .         Spirit   .   c - +0 helmet
rElec    .         Reflect  .   j - +1 cloak
rCorr    .         Harm     .   (no gloves)
MR       .....                  (no boots)
Stlth    ..........             (no amulet)
Regen    0.2/turn               (no ring)
MPRegen  0.1/turn               (no ring)

@: no status effects
A: nightstalker 1, spiny 1, sturdy frame 1
a: no special abilities


You were on level 3 of the Dungeon.
You were not hungry.

You visited 1 branch of the dungeon, and saw 3 of its levels.

You collected 121 gold pieces.

Inventory:

Hand Weapons
 a - a +0 long sword (weapon)
Missiles
 d - 3 throwing nets (quivered)
Armour
 b - a +0 leather armour
 c - a +0 helmet (worn)
 e - a +0 shield (worn)
 j - a +1 cloak (worn)
 n - a +0 chain mail (worn)
Wands
 i - a wand of polymorph (11/24)
Scrolls
 g - a scroll of teleportation
 h - a scroll of remove curse
Potions
 k - a potion of haste
Comestibles
 f - 3 bread rations
 m - a meat ration


   Skills:
 * Level 2.8 Fighting
 * Level 4.0 Long Blades
 + Level 1.9 Throwing
 * Level 1.6 Armour
 + Level 3.1 Dodging
 - Level 0.2 Stealth
 * Level 0.6 Shields


You had 4 spell levels left.
You didn't know any spells.

Dungeon Overview and Level Annotations

Branches:
Dungeon (3/15)

Altars:
Fedhas


Innate Abilities, Weirdness & Mutations

You are slightly more attuned to the shadows.
You are partially covered in sharp spines.
Your movements are slightly less encumbered by armour. (ER -2)


Message History

You closely miss the ogre.
The ogre is moderately wounded.
You block the ogre's attack.
You hit the ogre.
The ogre is moderately wounded.
The ogre hits you with a giant spiked club!!
You hit the ogre.
The ogre is heavily wounded.
You block the ogre's attack.
You slash the ogre!
The ogre is severely wounded.
You block the ogre's attack.
You hit the ogre.
The ogre is almost dead.
You block the ogre's attack.
Your shield and chain mail prevent you from hitting the ogre.
The ogre is almost dead.
The ogre hits you with a giant spiked club!!
Ouch! That really hurt!
You die...

##....†..##.##
#.#...#.# #
#.#...#.#
#.#...#.#
#.......#
###...####..
#......>..
###.######
#@O.# #.#.#
######)#.#
#........#
...####†#.#
#....#.#
..#####(#....#
h............#
.#.....#.......


You could see an ogre.

Vanquished Creatures
  An orc wizard (D:3)
  4 gnolls (D:3)
  2 adders (D:2)
  An ooze (D:3)
  A worm (D:2)
  3 dart slugs
  3 leopard geckos
  2 orcs (D:3)
  7 bats
  A giant cockroach (D:1)
  8 goblins
  6 hobgoblins
  4 jackals (D:3)
  2 ball pythons
  2 frilled lizards
  6 kobolds
  7 rats
60 creatures vanquished.

Notes
Turn   | Place    | Note
-------+----------+-------------------------------------------
     0 | D:1      | vineage the Demonspawn Gladiator began the quest for the Orb.
     0 | D:1      | Reached XP level 1. HP: 16/16 MP: 1/1
   128 | D:1      | Reached skill level 3 in Long Blades
   398 | D:1      | Gained mutation: Your movements are slightly less encumbered by armour. (ER -2) [demonic ancestry]
   398 | D:1      | Reached XP level 2. HP: 22/22 MP: 2/2
  1053 | D:1      | Gained mutation: You are slightly more attuned to the shadows. [demonic ancestry]
  1053 | D:1      | Reached XP level 3. HP: 26/27 MP: 3/3
  1339 | D:2      | Reached skill level 1 in Armour
  1882 | D:2      | Reached XP level 4. HP: 34/34 MP: 4/4
  1938 | D:2      | Found a blossoming altar of Fedhas.
  2470 | D:3      | Reached skill level 4 in Long Blades
  2470 | D:3      | Gained mutation: You are partially covered in sharp spines. [demonic ancestry]
  2470 | D:3      | Reached XP level 5. HP: 31/40 MP: 5/5
  2481 | D:3      | Noticed an ogre
  2498 | D:3      | Mangled by an ogre

Skill      XL: |  1  2  3  4 |
---------------+-------------+-----
Long Blades    | 3 4 |  4.0
Dodging        | 3 |  3.1
Armour         | 1 |  1.6
Fighting       | |  2.8
Throwing       | |  1.9
Stealth        | |  0.2
Shields        | |  0.6

Action                   |  1- 3 |  4- 6 || total
-------------------------+-------+-------++-------
Melee: Long sword        |   150 |    95 ||   245
  Use: Scroll            |     6 |       ||     6
       Potion            |     2 |     1 ||     3
 Stab: Sleeping          |     2 |       ||     2
  Eat: Chunk             |     3 |       ||     3
       Meat ration       |       |     1 ||     1
Armor: Leather armour    |    21 |       ||    21
       Chain mail        |    53 |    54 ||   107
Dodge: Dodged            |    65 |    24 ||    89
Block: Shield            |    42 |    41 ||    83
       Rpst.: Long sword |     9 |     5 ||    14
